 Dungeon Crawl Stone Soup version 0.22-a0-136-g83a10e5 (webtiles) character file.

142156 theanonym the Severer (level 16, 55/149 HPs)
             Began as a Mummy Chaos Knight on Feb 3, 2018.
             Quit the game on level 4 of the Abyss.
             The game lasted 01:38:42 (34291 turns).

theanonym the Severer (Mummy Chaos Knight)         Turns: 34291, Time: 01:38:42

Health: 55/149     AC: 19    Str: 23    XL:     16   Next: 79%
Magic:  16/16      EV:  8    Int: 12    God:    Xom [.*....]
Gold:   3363       SH: 15    Dex: 13    Spells: 10/15 levels left

rFire    . . .     SeeInvis .   a - +5 broad axe (distort)
rCold    + . .     Gourm    .   l - +5 shield {rF+} {rF+}
rNeg     + + +     Faith    .   z - +0 plate armour {18}
rPois    ∞         Spirit   .   j - +1 hat {MR+} {god gift, MR+}
rElec    .         Reflect  .   w - +0 cloak
rCorr    .         Harm     .   F - +1 pair of gloves {Str+3}
MR       ++++.                  (no boots)
Stlth    ..........             i - amulet of Vitality {Regen+ HP+15}
HPRegen  0.74/turn              h - ring of protection from magic {MR+}
MPRegen  0.15/turn              C - +3 ring of evasion

@: no status effects
A: no food or potions, fire vulnerability, cold resistance 1, negative energy
resistance 3, torment resistance, unbreathing, in touch with death 1
a: Renounce Religion


Innate Abilities, Weirdness & Mutations

You do not eat or drink.
Your flesh is vulnerable to fire.
You are immune to poison.
Your flesh is cold resistant. (rC+)
You are immune to negative energy. (rN+++)
You are immune to unholy pain and torment.
You can survive without breathing.
You are in touch with the powers of death.


   Skills:
 + Level 14.8 Fighting
 - Level 18.0 Axes
 + Level 10.2 Armour
 - Level 0.7 Dodging
 - Level 4.0 Shields


You had 10 spell levels left.
You knew the following spells:

 Your Spells              Type           Power        Failure   Level  Hunger
a - Passage of Golubria   Tloc           N/A          100%        4    N/A
q - Apportation           Tloc           #.....       100%        1    N/A

Skill      XL: |  1  2  3  4  5  6  7  8  9 10 11 12 13 14 15 16 |
---------------+-------------------------------------------------+-----
Axes           | 3 4 5 6 7 9 11 13 15 16 17 18 | 18.0
Shields        | 1 2 3 4 |  4.0
Fighting       | 4 5 6 8 9 10 12 13 14 | 14.8
Armour         | 4 6 7 8 10 | 10.2
Dodging        | |  0.7

Action                   |  1- 3 |  4- 6 |  7- 9 | 10-12 | 13-15 | 16-18 || total
-------------------------+-------+-------+-------+-------+-------+-------++-------
Melee: Hand axe          |   120 |   180 |   332 |       |       |       ||   632
       War axe           |       |       |   321 |  1080 |   602 |       ||  2003
       Scimitar          |       |       |       |    11 |    11 |       ||    22
       Flail             |       |       |       |       |   186 |       ||   186
       Broad axe         |       |       |       |       |   609 |   550 ||  1159
Throw: Throwing net      |       |       |       |       |       |     2 ||     2
Evoke: Wand              |       |       |       |    26 |    49 |    23 ||    98
  Use: Scroll            |     2 |     9 |     5 |    14 |    21 |    14 ||    65
 Stab: Confused          |     1 |       |     3 |     1 |     5 |     4 ||    14
       Paralysed         |       |     6 |     2 |       |     1 |       ||     9
       Petrified         |       |       |     2 |     7 |     1 |       ||    10
       Petrifying        |       |       |     2 |       |       |       ||     2
       Invisible         |       |       |     1 |     8 |     2 |     3 ||    14
       Distracted        |       |       |       |     3 |     2 |       ||     5
       Sleeping          |       |       |       |       |     1 |       ||     1
Armor: Leather armour    |    23 |       |       |       |       |       ||    23
       Ring mail         |    15 |       |       |       |       |       ||    15
       Chain mail        |     9 |   160 |   287 |   103 |       |       ||   559
       Plate armour      |       |       |       |   434 |   584 |   172 ||  1190
Dodge: Dodged            |    90 |    66 |   171 |   271 |   203 |   133 ||   934
Block: Buckler           |     4 |    31 |   121 |   232 |     4 |       ||   392
       Shield            |       |       |       |       |   923 |   380 ||  1303
       Rpst.: Scimitar   |       |       |       |     3 |     1 |       ||     4

Inventory:

Hand Weapons
 a - a +5 broad axe of distortion (weapon)
   (You acquired it on level 14 of the Dungeon)
 b - the +10 flail of Yredelemnul's Whim {venom, rC- Dex+5}
   (You found it on level 6 of the Dungeon)

   It poisons the flesh of those it strikes.
   It affects your dexterity (+5).
   It makes you vulnerable to cold.
 k - a +0 scimitar of flaming
   (You took it off Erica on level 10 of the Dungeon)
 m - a +0 war axe
   (You found it on level 6 of the Dungeon)
 s - a +3 broad axe
   (You took it off an orc warrior on level 12 of the Dungeon)
Missiles
 p - a throwing net (quivered)
Armour
 g - the -1 pair of boots of Yxuisymi {god gift, rElec rPois MP+9 Str-4}
   (Xom gifted it to you on level 2 of the Lair of Beasts)

   It affects your strength (-4).
   It insulates you from electricity.
   It protects you from poison.
   It affects your magic capacity (+9).
 j - a +1 hat of magic resistance (worn) {god gift, MR+}
   (Xom gifted it to you on level 6 of the Lair of Beasts)
 l - a +5 shield of fire resistance (worn) {rF+}
   (You found it in a volcano)
 q - a +1 large shield of fire resistance {rF+}
   (You found it in a volcano)
 w - a +0 cloak (worn)
   (You took it off Maurice on level 10 of the Dungeon)
 z - a +0 plate armour (worn) {18}
   (You took it off an orc warrior on level 10 of the Dungeon)
 F - a +1 pair of gloves of strength (worn)
   (You found it on level 3 of the Dungeon)
Jewellery
 d - an uncursed ring of see invisible {SInv}
   (You found it on level 11 of the Dungeon)
 h - a ring of protection from magic (left hand) {MR+}
   (You found it on level 14 of the Dungeon)
 i - the amulet of Vitality (around neck) {Regen+ HP+15}
   (You bought it in a shop on level 10 of the Dungeon)

   [amulet of regeneration]

   It affects your health (+15).
   It increases your rate of regeneration.
 o - an uncursed ring of protection from cold {rC+}
   (You found it on level 6 of the Dungeon)
 C - a +3 ring of evasion (right hand)
   (You found it on level 13 of the Dungeon)
Wands
 c - a wand of clouds (5) {god gift}
   (Xom gifted it to you on level 2 of the Snake Pit)
 v - a wand of acid (3)
   (You found it on level 3 of the Lair of Beasts)
 A - a wand of flame (12)
   (You found it on level 10 of the Dungeon)
Scrolls
 e - a scroll of enchant armour
 f - 2 scrolls of fog
 n - 6 scrolls of remove curse
 r - 9 scrolls of identify
 u - 2 scrolls of amnesia
 y - 7 scrolls of magic mapping
 B - a scroll of immolation
Books
 x - Xom's Introduction to Spellcraft {god gift}
   (Xom gifted it to you on level 1 of the Snake Pit)

   Spells                             Type                      Level
   a - Infusion                       Charms                       1
   b - Shock                          Conjuration/Air              1
   c - Corona                         Hexes                        1
   d - Summon Small Mammal            Summoning                    1
   e - Apportation                    Translocation                1
 D - a book of Cantrips
   (You found it on level 15 of the Dungeon)
 E - a book of Spatial Translocations
   (You found it on level 1 of the Snake Pit)


You were on level 4 of the Abyss.
You worshipped Xom.
You were a plaything of Xom.
You were not hungry.

You visited 4 branches of the dungeon, and saw 25 of its levels.
You visited the Abyss 1 time.
You also visited: Sewer, Ice Cave and Volcano.

You collected 4887 gold pieces.
You spent 1524 gold pieces at shops.

Dungeon Overview and Level Annotations

Branches:
Dungeon (15/15)            Temple (0/1) D:7            Lair (6/6) D:9
  Swamp (0/4) Lair:2        Snake (2/4) Lair:3        Slime (0/5) Lair:6
    Orc (2/2) D:11            Elf (0/3) Orc:2        Vaults (0/5) D:13
 Depths (0/5) D:15

Altars:
Ashenzari
Cheibriados
Dithmenos
Elyvilon
Fedhas
Hepliaklqana
Nemelex Xobeh
Okawaru
Qazlal
Ru
Sif Muna
Xom
Yredelemnul
Zin
Beogh

Shops:
D:5 !   D:10 *   Orc:2 *[:(   Snake:1 *

Annotations:
D:3 1 runed door
D:8 exclusions: door and sensed monster (detected)
Lair:6 exclusion: oklob plant
Snake:2 Donald

.#. ... . #.#.
≈≈≈ #.. .# ...
.. #.. ..#
#.≈####.#..#.. .
#.#.≈≈ ......# #
..
......##...#...#
.≈#.≈#.#.§#..#.#
. ≈≈≈.≈#3##..##
#.# #..#.#@WW#.#
.. #
≈.≈#..####..# .#
.≈...... (###
#.### ♣ # # #. #
.## #.### ..X≈#
#
#.#####..#.#.##
# ≈≈≈.# #
##...##. .#...#
# ..#.#....
#X.#.... #.# .
#.. .##.#.
####### ..... .
.....W# # ## ..
...


You could see a flayed ghost, a phantasmal warrior and a smoke demon.

Notes
Turn   | Place    | Note
-------+----------+-------------------------------------------
     0 | D:1      | theanonym the Mummy Chaos Knight began the quest for the Orb.
     0 | D:1      | Reached XP level 1. HP: 18/18 MP: 1/1
   106 | D:1      | Reached XP level 2. HP: 18/24 MP: 2/2
   228 | D:1      | XOM: harmless Pois miscast
   289 | D:1      | XOM: divination: magic mapping
   423 | D:1      | Reached skill level 3 in Axes
   892 | D:2      | Noticed Robin
   896 | D:2      | XOM: potion effect (agility)
   897 | D:2      | XOM: confuse monster(s)
   897 | D:2      | XOM: butterfly on damage
   903 | D:2      | HP: 9/24 [goblin/club[Robin] (4)]
   908 | D:1      | HP: 5/24 [goblin/club[Robin] (1)]
  1172 | D:2      | HP: 12/24 [something (7)]
  1173 | D:2      | Reached XP level 3. HP: 14/29 MP: 3/3
  1203 | D:2      | HP: 13/29 [goblin/club (4)]
  1354 | D:2      | XOM: god gift: twisted malachite amulet {god gift}
  1404 | D:2      | HP: 11/29 [Robin/short sword (5)]
  1405 | D:2      | HP: 5/29 [goblin[Robin] (5)]
  1441 | D:1      | XOM: cloud trail
  1558 | D:1      | Killed Robin
  1606 | D:2      | Reached XP level 4. HP: 36/36 MP: 4/4
  1622 | D:2      | Reached skill level 1 in Shields
  1670 | D:2      | XOM: harmless Air miscast
  2300 | D:3      | Noticed a human
  2301 | D:3      | Found a runed door.
  2308 | D:3      | Found a basalt altar of Yredelemnul.
  2468 | D:3      | Found a shattered altar of Ashenzari.
  2556 | D:3      | XOM: god gift: runed plate armour {god gift}
  2570 | D:3      | XOM: 2-stop teleportation journey
  2667 | D:3      | XOM: harmless Necr miscast
  2793 | D:3      | XOM: noise
  2875 | D:4      | Reached XP level 5. HP: 27/42 MP: 5/5
  3034 | D:3      | Found a shattered altar of Ashenzari.
  3090 | D:3      | XOM: butterfly on damage
  3093 | D:3      | XOM: enchant monster (bad)
  3097 | D:3      | Reached skill level 4 in Fighting
  3097 | D:3      | Reached skill level 4 in Axes
  3158 | D:4      | Noticed an ogre
  3243 | D:4      | Found a hazy altar of Hepliaklqana.
  3244 | D:4      | Found a shadowy altar of Dithmenos.
  3251 | D:4      | XOM: polymorph ooze -> iguana
  3375 | D:4      | Reached skill level 2 in Shields
  3375 | D:4      | Reached XP level 6. HP: 40/48 MP: 6/6
  3398 | D:4      | Found an iron altar of Okawaru.
  3590 | D:4      | Reached skill level 5 in Axes
  3686 | D:5      | Entered Level 5 of the Dungeon
  3765 | D:5      | Noticed an ice beast
  3765 | D:5      | XOM: medium Erth miscast
  3790 | D:5      | Killed an ice beast
  3790 | D:5      | Reached XP level 7. HP: 50/55 MP: 7/7
  3798 | D:5      | XOM: enchant monster (bad)
  3808 | D:5      | Reached skill level 5 in Fighting
  3870 | D:5      | Found a glowing drain.
  3878 | D:5      | Reached skill level 3 in Shields
  3887 | Sewer    | XOM: stealth player
  3887 | Sewer    | Entered a sewer
  4615 | D:5      | Reached skill level 6 in Axes
  4615 | D:5      | Reached XP level 8. HP: 55/63 MP: 8/8
  4627 | D:5      | XOM: summons 2 friendly demons
  4897 | D:5      | Found Daegegar's Distillery.
  5208 | D:5      | XOM: medium Fire miscast
  5208 | D:5      | HP: 31/64 [something (30)]
  5208 | D:5      | XOM: smoke on damage
  5397 | D:6      | Noticed Blork the orc
  5400 | D:6      | Noticed Blork
  5400 | D:6      | Blork the orc changed into Blork the ooze
  5400 | D:6      | XOM: polymorph Blork the orc -> Blork the ooze
  5402 | D:6      | Killed Blork the ooze
  5408 | D:6      | Reached skill level 6 in Fighting
  5420 | D:6      | Reached skill level 4 in Shields
  5422 | D:6      | XOM: enchant monster (good)
  5747 | D:6      | Noticed Duvessa
  5747 | D:6      | Noticed Dowan
  5762 | D:6      | Killed Dowan
  5762 | D:6      | Reached skill level 7 in Axes
  5766 | D:6      | Found a stormy altar of Qazlal.
  5916 | D:6      | XOM: 1-stop teleportation journey
  6016 | D:6      | Killed Duvessa
  6026 | D:6      | XOM: enchant monster (good)
  6059 | D:6      | Found a blossoming altar of Fedhas.
  6254 | D:7      | XOM: scenery: create altars
  6360 | D:7      | HP: 22/65 [ogre/giant club (16)]
  6362 | D:7      | HP: 4/65 [ogre/giant club (14)]
  6483 | D:7      | Reached XP level 9. HP: 71/71 MP: 9/9
  6485 | D:7      | Found a snail-covered altar of Cheibriados.
  6486 | D:7      | Found a sparkling altar of Nemelex Xobeh.
  6489 | D:7      | Found a glowing silver altar of Zin.
  6494 | D:7      | XOM: harmless Tloc miscast
  6502 | D:7      | HP: 33/71 [killer bee (5)]
  6507 | D:7      | HP: 29/71 [killer bee (2)]
  6616 | D:7      | Reached skill level 7 in Fighting
  6745 | D:7      | Reached skill level 8 in Axes
  6811 | D:7      | XOM: chaos cloud
  6945 | D:7      | Found a staircase to the Ecumenical Temple.
  7318 | D:7      | XOM: summons 1 hostile shadow creature
  7512 | D:8      | Found a basalt altar of Yredelemnul.
  7620 | D:8      | XOM: enchant monster (good)
  7629 | D:8      | Reached skill level 9 in Axes
  7693 | D:8      | XOM: fog
  7701 | D:8      | Noticed Grum
  7714 | D:8      | Reached skill level 8 in Fighting
  7715 | D:8      | HP: 35/74 [Grum/halberd (16)]
  7724 | D:8      | Killed Grum
  7754 | D:8      | XOM: 2-stop teleportation journey
  7827 | D:8      | XOM is BORED!
  7828 | D:8      | XOM: cloud trail
  7859 | D:8      | XOM: confuse monster(s)
  7995 | D:8      | XOM: scenery: create altars
  7999 | D:8      | XOM: divination: detect creatures
  7999 | D:8      | HP: 32/75 [ogre/giant club (19)]
  8011 | D:8      | HP: 37/75 [adder zombie (2)]
  8026 | D:8      | XOM: harmless Pois miscast
  8062 | D:8      | XOM: harmless Conj miscast
  8083 | D:8      | Noticed Psyche
  8108 | D:8      | Killed Psyche
  8108 | D:8      | Reached XP level 10. HP: 65/82 MP: 10/10
  8226 | D:8      | Noticed Yosebu's ghost (novice MiGl)
  8227 | D:8      | XOM: scenery: 1 doors close
  8236 | D:8      | HP: 36/82 [Yosebu's ghost (12)]
  8242 | D:8      | HP: 24/82 [Yosebu's ghost (13)]
  8438 | D:8      | Noticed Joseph
  8446 | D:8      | XOM: smoke on damage
  8463 | D:8      | Killed Joseph
  8463 | D:8      | Reached skill level 10 in Axes
  8568 | D:8      | XOM: divination: detect creatures
  8711 | D:8      | XOM: cloud trail
  8763 | D:9      | XOM: swap monsters
  8798 | D:9      | Reached skill level 9 in Fighting
  8804 | D:9      | XOM: harmless Summ miscast
  8818 | D:9      | XOM: summons friendly ufetubus
  8926 | D:9      | XOM: confuse monster(s)
  9039 | D:9      | Noticed a gargoyle
  9107 | D:9      | Noticed a two-headed ogre
  9109 | D:9      | XOM: divination: magic mapping
  9119 | D:9      | XOM: cast spell 'Call Canine Familiar'
  9124 | D:9      | XOM: enchant monster (good)
  9124 | D:9      | HP: 29/83 [two-headed ogre/giant spiked club (20)]
  9262 | D:9      | XOM: harmless Air miscast
  9293 | D:9      | Found a staircase to the Lair.
  9354 | D:9      | Noticed a two-headed ogre
  9361 | D:10     | Entered Level 10 of the Dungeon
  9361 | D:10     | Noticed Erica
  9362 | D:10     | Noticed Nergalle
  9372 | D:10     | XOM: potion effect (invisibility)
  9376 | D:10     | XOM: divination: magic mapping
  9378 | D:10     | XOM: cast spell 'Summon Small Mammal'
  9380 | D:10     | Killed Nergalle
  9392 | D:10     | Killed Erica
  9392 | D:10     | Reached skill level 11 in Axes
  9399 | D:10     | Noticed Maurice
  9400 | D:10     | XOM: harmless Tmut miscast
  9414 | D:10     | Killed Maurice
  9473 | D:10     | Noticed ThereIsNoGod's ghost (journeyman FoEE)
  9474 | D:10     | XOM: mild Erth miscast
  9489 | D:10     | XOM: divination: detect creatures
  9600 | D:10     | Noticed Erolcha
  9607 | D:10     | XOM: potion effect (invisibility)
  9615 | D:10     | Killed Erolcha
  9615 | D:10     | Reached XP level 11. HP: 51/90 MP: 11/11
  9616 | D:10     | HP: 45/90 [crocodile (7)]
  9622 | D:10     | HP: 31/90 [crocodile (4)]
  9624 | D:10     | Reached skill level 10 in Fighting
  9794 | D:10     | XOM: enchant monster (good)
 10136 | D:10     | XOM: potion effect (curing)
 10146 | D:10     | XOM: potion effect (might)
 10159 | D:10     | HP: 45/90 [ThereIsNoGod's ghost/stone arrow (17)]
 10162 | D:10     | HP: 19/90 [ThereIsNoGod's ghost (6)]
 10322 | D:9      | XOM: potion effect (might)
 10332 | D:9      | XOM: harmless Erth miscast
 10339 | D:9      | Killed a two-headed ogre
 10339 | D:9      | Reached skill level 12 in Axes
 10396 | D:9      | XOM: potion effect (invisibility)
 10397 | D:9      | HP: 42/90 [two-headed ogre/giant spiked club (22)]
 10399 | D:9      | Killed a two-headed ogre
 10634 | D:9      | XOM: god gift: bone ring {god gift}
 10644 | D:9      | HP: 44/90 [gargoyle/flail (14)]
 10791 | D:9      | Found a white marble altar of Elyvilon.
 10998 | D:9      | XOM: divination: detect creatures
 11018 | Lair:1   | Entered Level 1 of the Lair of Beasts
 11037 | Lair:1   | XOM: 3-stop teleportation journey
 11095 | Lair:1   | XOM: polymorph ice beast -> sky beast
 11098 | Lair:1   | XOM: fake destruction
 11100 | Lair:1   | Found a frozen archway.
 11110 | Lair:1   | XOM: summons 3 friendly demons
 11146 | Lair:1   | XOM: 3-stop teleportation journey
 11271 | Lair:1   | XOM: cleaving
 11272 | Lair:1   | XOM: mild Tmut miscast
 11304 | IceCv    | Entered an ice cave
 11404 | IceCv    | XOM: summons 4 friendly demons
 11427 | IceCv    | XOM: summons friendly quasit
 11432 | IceCv    | Reached skill level 13 in Axes
 11449 | IceCv    | XOM: cast spell 'Summon Butterflies'
 11542 | IceCv    | XOM: summons friendly white imp
 11557 | IceCv    | XOM: summons friendly ufetubus
 11578 | IceCv    | XOM: enchant monster (bad)
 11748 | IceCv    | XOM: mild Hex miscast
 11792 | IceCv    | XOM: 2-stop teleportation journey
 11793 | IceCv    | Noticed an ice dragon
 11793 | IceCv    | Noticed an ice dragon
 11816 | IceCv    | XOM: summons 1 hostile demon
 12151 | IceCv    | HP: 45/90 [ice dragon (11)]
 12152 | IceCv    | HP: 19/90 [ice dragon (10)]
 12154 | IceCv    | HP: 5/90 [ice dragon/blast of cold (10)]
 12157 | IceCv    | XOM: enchant monster (good)
 12246 | Lair:1   | HP: 43/90 [porcupine's spines (8)]
 12363 | Lair:1   | XOM: harmless Chrm miscast
 12366 | Lair:1   | XOM: cast spell 'Summon Hydra'
 12371 | Lair:1   | XOM: smoke on damage
 12373 | Lair:1   | HP: 41/90 [porcupine's spines (10)]
 12441 | Lair:1   | XOM: cast spell 'Chain of Chaos'
 12477 | D:9      | HP: 32/90 [komodo dragon (18)]
 12479 | D:9      | XOM: enchant monster (bad)
 12502 | D:9      | XOM: enchant monster (good)
 12503 | D:9      | XOM: god gift: encrusted plate armour {god gift}
 12504 | D:9      | Got an encrusted plate armour {god gift, 18}
 12505 | D:9      | XOM: confuse monster(s)
 12522 | D:9      | Identified the +2 plate armour "Zumutun" {god gift, Regen+ Str-4 Int+8, 18} (Xom gifted it to you on level 9 of the Dungeon)
 12571 | Lair:1   | Reached XP level 12. HP: 80/97 MP: 12/12
 12634 | Lair:1   | XOM: cleaving
 12635 | Lair:1   | XOM: scenery: create altars
 12645 | Lair:1   | XOM: summons friendly quasit
 12777 | Lair:1   | XOM is BORED!
 12777 | Lair:1   | XOM: mild Fire miscast
 12833 | Lair:1   | Noticed Gastronok
 12839 | Lair:1   | XOM: fog
 12841 | Lair:1   | XOM: stat loss: -1 Int (11/12)
 12842 | Lair:1   | HP: 45/97 [Gastronok (6)]
 12844 | Lair:1   | XOM: polymorph quasit -> white imp
 12852 | Lair:1   | XOM: polymorph white imp -> shadow imp
 12875 | Lair:1   | HP: 46/97 [Gastronok (20)]
 12880 | Lair:1   | HP: 26/97 [Gastronok/the air (23)]
 12882 | Lair:1   | Killed Gastronok
 12882 | Lair:1   | Reached skill level 14 in Axes
 12989 | Lair:1   | XOM: mild Hex miscast
 13343 | Lair:2   | XOM: noise
 13357 | Lair:2   | XOM: polymorph hippogriff -> floating eye
 13385 | Lair:2   | Found a staircase to the Swamp.
 13564 | Lair:2   | XOM: severe Chrm miscast
 13571 | Lair:2   | XOM: potion effect (might)
 13584 | Lair:2   | Reached skill level 2 in Armour
 13617 | Lair:2   | XOM: harmless Summ miscast
 13806 | Lair:2   | Noticed a four-headed hydra
 13815 | Lair:2   | Killed a one-headed hydra
 13818 | Lair:2   | HP: 46/97 [blink frog (9)]
 13830 | Lair:2   | HP: 41/97 [blink frog (12)]
 13831 | Lair:2   | XOM: confusion (+ monsters)
 13844 | Lair:2   | XOM: 8-stop teleportation journey
 14014 | Lair:2   | XOM: scenery: create altars
 14060 | Lair:2   | Found a shimmering altar of Xom.
 14125 | Lair:2   | XOM: scenery: create altars
 14254 | Lair:2   | XOM: god gift: pair of encrusted boots {god gift}
 14255 | Lair:2   | Got a pair of encrusted boots {god gift}
 14261 | Lair:2   | Identified the -1 pair of boots of Yxuisymi {god gift, rElec rPois MP+9 Str-4} (Xom gifted it to you on level 2 of the Lair of Beasts)
 14344 | Lair:2   | XOM: god gift: mace {god gift}
 14587 | Lair:3   | XOM: polymorph rime drake -> basilisk
 14633 | Lair:3   | Reached skill level 3 in Armour
 14917 | Lair:3   | Found a staircase to the Snake Pit.
 15132 | Lair:3   | XOM: harmless Tmut miscast
 15177 | Lair:3   | XOM: fog
 15177 | Lair:3   | XOM: smoke on damage
 15182 | Lair:3   | HP: 48/99 [spiny frog (15)]
 15184 | Lair:3   | XOM: harmless Erth miscast
 15273 | Lair:3   | XOM: fog
 15276 | Lair:3   | HP: 49/99 [blink frog (8)]
 15281 | Lair:2   | HP: 48/99 [blink frog (4)]
 15440 | Lair:3   | XOM: harmless Hex miscast
 15620 | Lair:3   | HP: 49/99 [wolf (6)]
 15625 | Lair:3   | HP: 37/99 [black mamba (9)]
 15629 | Lair:3   | HP: 15/99 [black mamba (11)]
 15685 | Lair:3   | XOM: mild Fire miscast
 15842 | Lair:3   | XOM: 7-stop teleportation journey
 15883 | Lair:3   | XOM is BORED!
 16003 | Lair:4   | Reached skill level 4 in Armour
 16135 | Lair:4   | XOM: god gift: 2 smoky white potions {god gift}
 16162 | Lair:4   | Noticed a seven-headed hydra
 16168 | Lair:4   | HP: 47/99 [nine-headed hydra (3)]
 16181 | Lair:4   | XOM: divination: detect creatures
 16185 | Lair:4   | XOM: divination: detect creatures
 16199 | Lair:3   | HP: 47/99 [wolf (7)]
 16200 | Lair:3   | XOM: scenery: create altars
 16619 | Lair:4   | Identified Xeiq's Collected Works on Lucky Translocation
 16709 | Lair:4   | XOM: scenery: create altars
 16721 | Lair:4   | Killed a seven-headed hydra
 16721 | Lair:4   | Reached skill level 15 in Axes
 16721 | Lair:4   | Gained mutation: You are in touch with the powers of death. [Mummy growth]
 16721 | Lair:4   | Reached XP level 13. HP: 75/105 MP: 13/13
 16742 | Lair:4   | Reached skill level 11 in Fighting
 16830 | Lair:4   | XOM: god gift: 1740 gold pieces {god gift}
 17175 | Lair:5   | XOM: potion effect (agility)
 17235 | Lair:5   | Found a dark tunnel.
 17244 | Volcano  | Entered a volcano
 17253 | Volcano  | XOM: potion effect (haste)
 17350 | Volcano  | XOM: potion effect (invisibility)
 17397 | Volcano  | Learned a level 1 spell: Apportation
 17633 | Lair:5   | XOM: potion effect (heal wounds)
 17654 | Lair:5   | XOM: fake destruction
 17662 | Lair:5   | XOM: enchant monster (good)
 17689 | Lair:5   | XOM: divine lightning
 17709 | Lair:5   | HP: 45/106 [komodo dragon (21)]
 17853 | Lair:5   | XOM: smoke on damage
 17867 | Lair:5   | XOM: scenery: 1 doors open
 18023 | Lair:5   | XOM: god gift: glowing arbalest {god gift}
 18090 | Lair:5   | XOM: fake destruction
 18304 | D:8      | Killed Yosebu's ghost
 18364 | D:6      | Got a translucent flail
 18365 | D:6      | Identified the +10 flail of Yredelemnul's Whim {venom, rC- Dex+5} (You found it on level 6 of the Dungeon)
 18392 | D:6      | XOM: scenery: create altars
 18528 | Lair:3   | XOM: scenery: create altars
 18598 | Lair:5   | Reached skill level 5 in Armour
 18853 | Lair:6   | Entered Level 6 of the Lair of Beasts
 18868 | Lair:6   | XOM: scenery: create altars
 18871 | Lair:6   | XOM: 1-stop teleportation journey
 18977 | Lair:6   | XOM: fog
 19000 | Lair:6   | XOM: mild Fire miscast
 19005 | Lair:6   | XOM: mild Hex miscast
 19019 | Lair:6   | HP: 50/106 [black mamba (10)]
 19022 | Lair:6   | XOM: 2-stop teleportation journey
 19027 | Lair:6   | HP: 49/106 [black mamba (6)]
 19047 | Lair:6   | XOM: summons 4 hostile demons
 19050 | Lair:6   | HP: 50/106 [chaos spawn[Xom] (9)]
 19191 | Lair:6   | XOM: 6-stop teleportation journey
 19193 | Lair:6   | XOM: swap monsters
 19202 | Lair:6   | HP: 45/106 [elephant (13)]
 19204 | Lair:6   | HP: 21/106 [elephant (12)]
 19205 | Lair:6   | XOM: confuse monster(s)
 19207 | Lair:6   | XOM: noise
 19239 | Lair:6   | HP: 42/106 [yak (2)]
 19251 | Lair:6   | HP: 49/107 [yak (1)]
 19258 | Lair:6   | HP: 45/107 [yak (9)]
 19264 | Lair:6   | HP: 48/107 [black mamba (1)]
 19268 | Lair:6   | HP: 17/107 [black mamba (13)]
 19269 | Lair:6   | HP: 8/107 [black mamba (10)]
 19274 | Lair:6   | HP: 6/107 [water moccasin (1)]
 19453 | Lair:6   | XOM: cast spell 'Summon Horrible Things'
 19566 | Lair:6   | XOM: scenery: create altars
 19581 | Lair:6   | XOM: summons friendly ufetubus
 19582 | Lair:6   | XOM: destruction
 19613 | Lair:6   | HP: 51/107 [wolf (6)]
 19619 | Lair:6   | HP: 43/107 [water moccasin (2)]
 19761 | Lair:6   | XOM: god gift: glowing mace {god gift}
 19881 | Lair:6   | XOM: god gift: runed hat {god gift}
 19989 | Lair:6   | Reached skill level 6 in Armour
 20198 | Lair:6   | XOM: cloud trail
 20482 | D:10     | XOM: god gift: 15 gold pieces {god gift}
 20562 | D:11     | Found a staircase to the Orcish Mines.
 20577 | D:11     | Reached skill level 12 in Fighting
 20834 | D:11     | Found a deep blue altar of Sif Muna.
 20861 | D:11     | Noticed Snorg
 20873 | D:11     | Killed Snorg
 20884 | D:10     | Found Sastrume's General Store.
 20894 | D:10     | Bought the amulet of Vitality {Regen+ HP+15} for 1185 gold pieces
 20894 | D:10     | Found the amulet of Vitality {Regen+ HP+15}
 21073 | D:11     | XOM: scenery: create altars
 21082 | D:11     | XOM: fog
 21085 | D:11     | XOM: god gift: 520 gold pieces {god gift}
 21123 | D:11     | XOM: noise
 21177 | D:11     | Noticed Fannar
 21183 | D:11     | XOM: divination: magic mapping
 21218 | D:11     | XOM: enchant monster (good)
 21220 | D:11     | Killed Fannar
 21293 | D:11     | Found a roughly hewn altar of Beogh.
 21366 | D:11     | XOM: scenery: create altars
 21367 | D:11     | XOM: mild Fire miscast
 21373 | D:11     | XOM: cast spell 'Leda's Liquefaction'
 21595 | Orc:1    | Entered Level 1 of the Orcish Mines
 21634 | Orc:1    | XOM: enchant monster (bad)
 21773 | Orc:1    | Found a roughly hewn altar of Beogh.
 21785 | Orc:1    | XOM: confusion
 21794 | Orc:1    | Reached XP level 14. HP: 108/115 MP: 14/14
 21799 | Orc:1    | HP: 65/130 [orc high priest/divine providence (15)]
 21801 | Orc:1    | HP: 23/130 [sun demon[an orc high priest] (11)]
 22053 | Orc:1    | Learned a level 4 spell: Passage of Golubria
 22125 | D:12     | XOM: blink monster(s)
 22162 | D:12     | XOM: divination: detect creatures
 22217 | D:12     | XOM: harmless Summ miscast
 22242 | D:12     | XOM: harmless Hex miscast
 22489 | D:12     | XOM: potion effect (might)
 22955 | D:12     | XOM: harmless Conj miscast
 23198 | D:12     | XOM: harmless Air miscast
 23378 | D:12     | XOM: divination: detect creatures
 23395 | D:12     | XOM: summons 7 hostile demons
 23736 | D:13     | Reached skill level 7 in Armour
 23986 | D:13     | Reached skill level 16 in Axes
 24044 | D:13     | XOM: confuse monster(s)
 24085 | D:13     | HP: 53/131 [tengu warrior/great sword of slicing (14)]
 24094 | D:13     | HP: 55/131 [tengu warrior/great sword of slicing (1)]
 24193 | D:13     | XOM: harmless Fire miscast
 24211 | D:13     | Found a gate to the Vaults.
 24780 | D:14     | Noticed Nessos
 24782 | D:14     | Noticed Nessos
 24782 | D:14     | Nessos changed into Nessos the merfolk
 24782 | D:14     | XOM: polymorph Nessos -> Nessos the merfolk
 24790 | D:14     | Killed Nessos the merfolk
 24819 | D:14     | XOM: potion effect (experience)
 24819 | D:14     | Reached XP level 15. HP: 114/122 MP: 15/15
 24878 | D:14     | XOM: 2-stop teleportation journey
 24912 | D:14     | XOM: fake destruction
 24927 | D:14     | Noticed Azrael
 24939 | D:14     | Killed Azrael
 24943 | D:14     | XOM: divination: magic mapping
 24944 | D:14     | HP: 62/137 [hell hound/blast of flame[Azrael] (15)]
 24950 | D:14     | HP: 56/137 [hell hound/blast of flame[Azrael] (4)]
 24980 | D:14     | XOM: summons 2 hostile demons
 25203 | D:14     | Reached skill level 13 in Fighting
 25203 | D:14     | Reached skill level 17 in Axes
 25295 | D:14     | Identified a scroll of acquirement
 25466 | D:14     | Noticed Josephine
 25478 | D:14     | XOM: mild Necr miscast
 25659 | D:15     | Entered Level 15 of the Dungeon
 25732 | D:15     | Found a sacrificial altar of Ru.
 25769 | D:15     | Found a staircase to the Depths.
 25772 | D:15     | XOM: noise
 25898 | D:15     | Reached skill level 8 in Armour
 25940 | D:15     | XOM: blink monster(s)
 26104 | D:15     | XOM: enchant monster (good)
 26221 | D:15     | XOM: polymorph meliai -> blink frog
 26224 | D:15     | HP: 68/139 [meliai/divine providence (11)]
 26232 | D:15     | HP: 52/139 [blink frog (11)]
 26415 | D:15     | XOM: harmless Tloc miscast
 26524 | D:15     | XOM: swap monsters
 26752 | D:15     | XOM: confuse monster(s)
 26781 | D:15     | XOM: cast spell 'Cause Fear'
 26809 | D:15     | XOM: smoke on damage
 27045 | D:15     | Found a staircase to the Depths.
 27431 | D:15     | Found a sacrificial altar of Ru.
 27565 | D:15     | XOM: harmless Tmut miscast
 27726 | D:14     | XOM: summons 2 hostile demons
 27915 | D:14     | XOM: divination: detect items
 27929 | D:14     | XOM: confuse monster(s)
 27933 | D:14     | Killed Josephine
 28005 | D:12     | XOM is BORED!
 28005 | D:12     | XOM: stat loss: -2 Int (10/12)
 28184 | Lair:6   | XOM: noise
 28211 | Lair:6   | XOM: mild Erth miscast
 28291 | Lair:6   | XOM: smoke on damage
 28486 | Lair:6   | Identified Sif Muna's Guide on Burning Dark Arts
 28490 | Lair:6   | Identified the +0 hand axe "Jyifehal" {protect, Dex+4} (You found it on level 6 of the Lair of Beasts)
 28590 | Lair:6   | XOM: harmless Erth miscast
 28743 | Lair:6   | XOM: summons 4 friendly demons
 28787 | Lair:6   | Reached XP level 16. HP: 131/131 MP: 16/16
 28891 | Lair:6   | Found a shimmering altar of Xom.
 29020 | Lair:6   | Found a shimmering altar of Xom.
 29021 | Lair:6   | Found a shimmering altar of Xom.
 29030 | Lair:6   | Found a shimmering altar of Xom.
 29037 | Lair:6   | Found a shimmering altar of Xom.
 29037 | Lair:6   | Found a shimmering altar of Xom.
 29037 | Lair:6   | Found a shimmering altar of Xom.
 29126 | Lair:6   | XOM: confuse monster(s)
 29134 | Lair:6   | XOM: chaos cloud
 29148 | Lair:6   | XOM: summons 3 hostile demons
 29277 | Lair:6   | XOM: chaos cloud
 29278 | Lair:6   | Paralysed by you for 7 turns
 29284 | Lair:6   | Noticed a quicksilver dragon
 29284 | Lair:6   | a dire elephant changed into a quicksilver dragon
 29284 | Lair:6   | XOM: polymorph dire elephant -> quicksilver dragon
 29285 | Lair:6   | XOM: summons 5 hostile demons
 29288 | Lair:6   | HP: 38/146 [quicksilver dragon/bolt of dispelling energy (39)]
 29293 | Lair:6   | HP: 21/146 [quasit[Xom] (1)]
 29313 | Lair:6   | XOM: summons 16 friendly demons
 29597 | D:10     | Banished ThereIsNoGod's ghost
 29631 | Orc:2    | Entered Level 2 of the Orcish Mines
 29631 | Orc:2    | Found a staircase to the Elven Halls.
 29670 | Orc:1    | HP: 71/146 [orc warrior/hand axe[an orc high priest] (11)]
 29675 | Orc:1    | HP: 49/146 [orc warrior/halberd (4)]
 30272 | Orc:2    | XOM: 3-stop teleportation journey
 30310 | Orc:2    | XOM: god gift: scroll labeled ECA NIBROREMMOFU {god gift}
 30334 | Orc:2    | Found a roughly hewn altar of Beogh.
 30334 | Orc:2    | XOM: harmless Tloc miscast
 30338 | Orc:2    | XOM: enchant monster (bad)
 30340 | Orc:2    | XOM: cast spell 'Olgreb's Toxic Radiance'
 30347 | Orc:2    | HP: 65/146 [orc knight/war axe of chopping (13)]
 30626 | Orc:2    | Found Ylyss's Antique Armour Shop.
 30695 | Orc:2    | XOM: noise
 30724 | Orc:2    | XOM: harmless Erth miscast
 30794 | Orc:2    | XOM: enchant monster (good)
 30820 | Orc:2    | HP: 72/147 [orc sorcerer/bolt of fire (28)]
 30821 | Orc:2    | XOM: fog
 31146 | Orc:2    | Found Velel's General Store.
 31154 | Orc:2    | Bought a scroll of enchant armour for 135 gold pieces
 31154 | Orc:2    | Bought a throwing net for 54 gold pieces
 31175 | Orc:2    | Found Edodoc's Antique Weapon Shop.
 31190 | Orc:2    | Found Cecw's Book Shop.
 31238 | Orc:2    | XOM: summons 8 hostile demons
 31762 | Snake:1  | Entered Level 1 of the Snake Pit
 31766 | Snake:1  | XOM: harmless Necr miscast
 31968 | Snake:1  | Found Watoff's General Store.
 31991 | Snake:1  | Bought a scroll of enchant weapon for 150 gold pieces
 32015 | Snake:1  | Reached skill level 9 in Armour
 32017 | Snake:1  | Noticed Aizul
 32037 | Snake:1  | Identified Xom's Introduction to Spellcraft {god gift} (Xom gifted it to you on level 1 of the Snake Pit)
 32037 | Snake:1  | XOM: god gift: Xom's Introduction to Spellcraft {god gift}
 32041 | Snake:1  | Killed Aizul
 32050 | Snake:1  | HP: 69/147 [naga warrior/scimitar (21)]
 32129 | Snake:1  | XOM: cloud trail
 32200 | Snake:1  | XOM: blink monster(s)
 32254 | Snake:1  | XOM: cast spell 'Ring of Flames'
 32260 | Snake:1  | HP: 72/147 [naga warrior/mace (12)]
 32409 | Snake:1  | Reached skill level 14 in Fighting
 32471 | Snake:1  | XOM: enchant monster (bad)
 32479 | Snake:1  | Reached skill level 18 in Axes
 32514 | Snake:1  | XOM: harmless Air miscast
 32550 | Snake:1  | XOM: cloud trail
 32671 | Snake:1  | XOM: cast spell 'Leda's Liquefaction'
 32844 | Snake:1  | XOM: harmless Tmut miscast
 32901 | Snake:1  | XOM: harmless Tloc miscast
 32980 | Snake:1  | XOM: harmless Fire miscast
 33023 | Snake:2  | Noticed Donald
 33049 | Snake:2  | XOM: harmless Tmut miscast
 33186 | Snake:2  | XOM: potion effect (invisibility)
 33294 | Snake:2  | XOM: potion effect (agility)
 33300 | Snake:2  | XOM: silly message
 33363 | Snake:2  | XOM: harmless Fire miscast
 33369 | Snake:2  | XOM: potion effect (invisibility)
 33376 | Snake:2  | XOM: potion effect (might)
 33434 | Snake:2  | XOM: potion effect (heal wounds)
 33492 | Snake:2  | XOM: divination: magic mapping
 33494 | Snake:2  | XOM: 5-stop teleportation journey
 33497 | Snake:2  | XOM: snakes to sticks
 33584 | Snake:1  | XOM: scenery: create altars
 33641 | Snake:2  | XOM: summons friendly white imp
 33648 | Snake:1  | XOM: fog
 33684 | Snake:2  | XOM: confuse monster(s)
 33703 | Snake:2  | XOM: god gift: smoky white potion {god gift}
 33732 | Snake:2  | XOM: 1-stop teleportation journey
 33756 | Snake:2  | XOM: god gift: tapered fluorescent wand {god gift}
 33773 | Snake:2  | HP: 59/149 [naga warrior/mace (24)]
 33775 | Snake:2  | HP: 27/149 [naga sharpshooter/arrow (5)]
 33776 | Snake:2  | HP: 10/149 [naga sharpshooter/arrow (11)]
 33780 | Snake:2  | Cast into level 4 of the Abyss (Xom)
 33978 | Abyss:4  | XOM: cleaving
 33982 | Abyss:4  | XOM: polymorph large abomination -> phantasmal warrior
 33987 | Abyss:4  | Reached skill level 10 in Armour
 33999 | Abyss:4  | Noticed a tentacled starspawn
 34018 | Abyss:4  | XOM: harmless Summ miscast
 34070 | Abyss:4  | Noticed a bone dragon
 34112 | Abyss:4  | HP: 72/149 [hell hog/fireball (38)]
 34147 | Abyss:4  | XOM: swap monsters
 34150 | Abyss:4  | HP: 74/149 [sixfirhy[a cacodemon] (10)]
 34156 | Abyss:4  | HP: 20/149 [green draconian scorcher/bolt of fire (40)]
 34160 | Abyss:4  | HP: 3/149 [green draconian scorcher/bolt of fire (20)]
 34186 | Abyss:4  | HP: 13/149 [green draconian/short sword (9)]
 34231 | Abyss:4  | XOM: harmless Hex miscast
 34232 | Abyss:4  | Noticed a tentacled starspawn
 34242 | Abyss:4  | Killed a tentacled starspawn
 34255 | Abyss:4  | HP: 58/149 [starcursed mass/accursed screaming (4)]
 34261 | Abyss:4  | HP: 50/149 [starcursed mass/accursed screaming (4)]
 34278 | Abyss:4  | HP: 46/149 [starcursed mass/accursed screaming (6)]
 34291 | Abyss:4  | Quit the game

Vanquished Creatures
  Gastronok (Lair:1)
  A tentacled starspawn (Abyss:4)
  2 nagarajas (Snake:2)
  Aizul (Snake:1)
  Azrael (D:14)
  Snorg (D:11)
  An ettin (Orc:2)
  Josephine (D:14)
  A vault guard (D:13)
  6 naga warriors
  Erolcha (D:10)
  Erica (D:10)
  Fannar (D:11)
  5 hydras
  2 centaur warriors (D:14)
  7 two-headed ogres
  2 tengu warriors
  3 orc high priests
  The ghost of Yosebu the Basher, a novice MiGl of Trog (D:8)
  2 shock serpents
  Nergalle (D:10)
  A thrashing horror (Abyss:4)
  3 naga sharpshooters (Snake:2)
  2 skeletal warriors (D:15)
  An unseen horror (D:15)
  A naga ritualist (Snake:1)
  A flayed ghost (D:15)
  3 mana vipers
  3 orc knights (Orc:2)
  3 orc sorcerers (Orc:2)
  A wolf spider (Abyss:4)
  A necromancer (D:15)
  A salamander (Snake:1)
  7 cyclopes
  A deep elf mage (D:15)
  3 elephants (Lair:6)
  Maurice (D:10)
  14 black mambas
  3 manticores
  A phantasmal warrior (Abyss:4)
  2 ice statues (IceCv)
  A frost giant skeleton (D:15)
  5 naga magi
  3 centaur zombies
  A torpor snail (Snake:1)
  Joseph (D:8)
  Psyche (D:8)
  9 spiny frogs
  A molten gargoyle (Volcano)
  6 gargoyles
  3 rime drakes
  A kobold demonologist (D:11)
  5 komodo dragons
  A freezing wraith (Abyss:4)
  An efreet (D:15)
  2 tengu conjurers
  4 trolls
  A merfolk (D:14)
  2 meliai (D:15)
  A raiju (Abyss:4)
  A harpy skeleton (D:15)
  14 blink frogs
  A snapping turtle (Abyss:4)
  9 hippogriffs
  A meliai zombie (D:12)
  A fire dragon zombie (D:15)
  A centaur simulacrum (D:11)
  A redback (Abyss:4)
  A fire bat (shapeshifter) (D:15)
  3 shadows
  2 wyverns
  43 yaks
  10 wraiths
  A human (D:8)
  A fire elemental (D:14)
  A hungry ghost (D:8)
  Grum (D:8)
  2 basilisks
  10 vampire mosquitoes
  2 wargs (Orc:1)
  11 nagas
  A harpy simulacrum (D:15)
  5 hell hounds (D:14)
  22 water moccasins
  A floating eye (Lair:2)
  6 porcupines
  4 soldier ants
  26 ice beasts
  Duvessa (D:6)
  35 orc warriors
  3 sky beasts
  2 eyes of draining
  A necrophage (D:14)
  9 ogres
  3 black bears
  23 wolves
  13 centaurs
  8 crocodiles
  15 bullfrogs
  Dowan (D:6)
  5 scorpions
  A scorpion (shapeshifter) (Lair:1)
  6 killer bees
  2 electric eels (Lair:6)
  8 jellies
  5 wights (D:15)
  6 howler monkeys
  5 crimson imps
  8 hounds
  29 orc priests
  2 bullfrog skeletons
  30 orc wizards
  4 centaur skeletons
  2 iguanas
  A killer bee zombie (D:7)
  9 worker ants
  4 small abominations (Abyss:4)
  4 hound skeletons
  A howler monkey zombie (D:10)
  Robin (D:1)
  A howler monkey skeleton (D:8)
  3 gnolls (D:7)
  16 adders
  3 shadow imps
  2 oozes
  An adder zombie (D:8)
  An adder skeleton (D:4)
  6 worms
  5 leopard geckos
  88 orcs
  8 bats
  6 giant cockroaches
  15 goblins
  7 hobgoblins
  23 jackals
  16 kobolds
  3 quokkas
  3 ball pythons
  9 frilled lizards
  2 leopard gecko skeletons (D:8)
  A quokka skeleton (D:7)
  A quokka zombie (D:4)
  2 rats (D:2)
  A fire vortex (D:11)
  3 fungi
  7 plants
  3 starspawn tentacles (Abyss:4)
809 creatures vanquished.

Vanquished Creatures (collateral kills)
  An anaconda (Lair:6)
  A sixfirhy (Abyss:4)
  2 black mambas (Lair:6)
  A spiny frog (Lair:1)
  A centaur (D:5)
  2 orc wizards (D:4)
  2 orcs
  A ball python (Sewer)
  A jackal (Sewer)
12 creatures vanquished.

Vanquished Creatures (others)
  An orc warlord (Orc:1)
  A dire elephant (Lair:6)
  The ghost of ThereIsNoGod the Geomancer, a journeyman FoEE of Makhleb (D:10)
  2 centaur warriors (D:15)
  A two-headed ogre (D:15)
  A dancing weapon (D:14)
  An orc high priest (Orc:2)
  A frost giant zombie (D:15)
  A manticore (D:15)
  A cyclops (D:15)
  A salamander (Snake:1)
  An elephant (Lair:6)
  2 black mambas
  2 naga magi
  A fire dragon zombie (D:15)
  A blink frog (Lair:5)
  A vampire (D:14)
  A naga (Snake:1)
  2 orc warriors
  A bullfrog skeleton (D:5)
  An orc (D:9)
  A bush (Lair:6)
  2 fire vortices
  10 fungi
  10 plants
  2 withered plants (D:15)
50 creatures vanquished.

Grand Total: 871 creatures vanquished

Table legend:
 A = Turns spent in this place as a percentage of turns spent in the entire game.
 B = Non-inter-level travel turns spent in this place as a percentage of non-inter-level travel turns spent in the entire game.
 C = Inter-level travel turns spent in this place as a percentage of turns spent in this place.
 D = Turns resting spent in this place as a percentage of non-inter-level travel turns spent in this place.
 E = Turns spent auto-exploring this place as a percentage of non-inter-level travel turns spent in this place.
 F = Non-inter-level travel turns spent in this place divided by the number of levels of this place that you've seen.
                   A       B       C       D       E      F
               +-------+-------+-------+-------+-------+----------------------
         Total | 100.0 | 100.0 |   7.5 |  22.5 |  52.1 | 1093.4
       Dungeon |  52.6 |  52.4 |   7.7 |  17.2 |  58.0 | 1108.6
          Lair |  27.8 |  26.9 |  10.5 |  24.5 |  53.5 | 1422.2
     Snake Pit |   5.9 |   6.2 |   2.5 |  32.9 |  38.8 | 983.5
  Orcish Mines |   7.2 |   7.4 |   5.4 |  32.0 |  43.3 | 1173.0
         Abyss |   1.5 |   1.6 |   0.0 |  61.1 |   1.8 | 511.0
         Sewer |   1.7 |   1.9 |   0.0 |   0.0 |  63.9 | 588.0
      Ice Cave |   2.6 |   2.8 |   0.0 |  47.2 |  15.3 | 895.0
       Volcano |   0.7 |   0.8 |   0.0 |  26.4 |   9.2 | 239.0
               +-------+-------+-------+-------+-------+----------------------
